Match 42104628
Unlisted

Match 42104628
End
Construct Infanterie Kompanie
Selects Luftwaffe Battlegroup
Selects Luftwaffe Pioneer Support
Fallschirmpioneer Squad Paradrop
MG 42 Machine Gun Team
Fallschirmpioneer Squad Paradrop
Infanterie Officer Quarters
Fallschirmpioneer Squad Paradrop
Construct Panzergrenadier Kompanie
Selects Flak 38 Anti-Air Emplacement
Support Elements
Nebelwerfer 42 Rocket Launcher Team
Selects Reconnaissance Run
Selects Fallschirmjäger Squad Paradrop
Fallschirmjäger Squad Paradrop
[PH60]Field Marshal Erwin Rommel
✠HerrKlingtGut✠
Nashorn101
lamasroman580
0
0

Comments sign in to comment!

No comments posted yet!